 Dungeon Crawl Stone Soup version 0.18.1-47-g9310371 (webtiles) character file.

49 Renko1984 the Skirmisher (level 3, -3/24 HPs)
             Began as a Tengu Abyssal Knight on June 14, 2016.
             Was an Initiate of the Shining One.
             Slain by an iguana (5 damage)
             ... on level 4 of the Dungeon.
             The game lasted 00:06:06 (1515 turns).

Renko1984 the Skirmisher (Tengu Abyssal Knight)     Turns: 1515, Time: 00:06:07

Health: -3/24      AC:  3    Str: 13    XL:     3   Next: 75%
Magic:  5/5        EV:  6    Int: 12    God:    the Shining One [......]
Gold:   7          SH:  0    Dex: 13    Spells: 0 memorised, 2 levels left

rFire  . . .     SeeInvis .     a - +1 spear
rCold  . . .     Gourm    .     b - +0 leather armour
rNeg   . . .     Faith    .     (no shield)
rPois  .         Spirit   .     (helmet restricted)
rElec  .         Dismiss  .     (no cloak)
rCorr  .         Reflect  .     (no gloves)
SustAt .         Harm     .     (boots unavailable)
MR     .....                    (no amulet)
Stlth  +.........               (no ring)
                                (no ring)

@: glowing, not resistant to hostile enchantments, very unstealthy
A: beak, talons 3
a: Renounce Religion


You were on level 4 of the Dungeon.
You worshipped the Shining One.
The Shining One was noncommittal.
You were not hungry.

You visited 1 branch of the dungeon, and saw 4 of its levels.
You visited the Abyss 1 time.

You collected 7 gold pieces.

Inventory:

Hand Weapons
 a - a +1 spear (weapon)
Armour
 b - a +0 leather armour (worn)
Potions
 d - a potion of curing {unknown}
 e - a potion of heal wounds {unknown}
Comestibles
 c - a bread ration


   Skills:
 + Level 3.7 Fighting
 + Level 2.5 Polearms
 + Level 2.7 Armour
 + Level 1.3 Dodging
 + Level 2.0 Invocations


You had 2 spell levels left.
You didn't know any spells.

Dungeon Overview and Level Annotations

Branches:
Dungeon (4/15)
 Temple: D:4-7

Altars:
Elyvilon
Zin
The Shining One


Innate Abilities, Weirdness & Mutations

You have a beak for a mouth.
You have claws for feet.


Message History

There is a stone staircase leading up here.
Found an inky potion.
A gnoll comes into view. It is wielding a spear.
The gnoll shouts!
You hear a shout!
The iguana bites you.
You closely miss the iguana. Your peck misses the iguana. The iguana bites you.
You barely miss the iguana. You claw the iguana, but do no damage.
Your peck misses the iguana. The iguana bites you! The gnoll barely misses you.
You hit the iguana but do no damage. The iguana closely misses you.
The gnoll barely misses you.
You hit the iguana but do no damage. Your kick misses the iguana.
The iguana bites you! The Shining One protects you from harm!
The gnoll hits you from afar with a spear.
* * * LOW HITPOINT WARNING * * *
A ball python and a gnoll come into view.
The gnoll barely misses you. The iguana misses you.
There is a stone staircase leading up here.
The iguana bites you.
You die...

##
.######
.....
.S! #g#
#l##
#.@#
#..#
##.#
###


You could see an iguana, a gnoll and a ball python.

Vanquished Creatures
  3 adders (D:3)
  An ooze (D:2)
  2 worms
  A giant cockroach (D:2)
  2 hobgoblins (D:2)
  2 kobolds
  A bat (D:2)
  2 goblins
  A rat (D:2)
  A plant (D:2)
16 creatures vanquished.

Notes
Turn   | Place    | Note
--------------------------------------------------------------
     0 | Abyss:1  | Renko1984 the Tengu Abyssal Knight began the quest for the Orb.
     0 | Abyss:1  | Reached XP level 1. HP: 14/14 MP: 3/3
    27 | Abyss:1  | Found a corrupted altar of Lugonu.
    42 | D:1      | Escaped the Abyss
    47 | D:1      | Noticed an electric eel
    86 | D:1      | You fall through a shaft!
   141 | D:2      | Found a white marble altar of Elyvilon.
   141 | D:2      | Found a glowing golden altar of the Shining One.
   149 | D:2      | Found a glowing silver altar of Zin.
   288 | D:2      | Reached XP level 2. HP: 18/19 MP: 4/4
   318 | D:2      | Fell from the grace of Lugonu
   318 | D:2      | Became a worshipper of the Shining One
   746 | D:3      | Reached XP level 3. HP: 8/23 MP: 5/5
   889 | D:3      | Noticed a small abomination
  1512 | D:4      | The Shining One protects you from harm!
  1515 | D:4      | Slain by an iguana

Skill      XL: |  1  2  3 |
---------------+----------+-----
Invocations    | 2 |  2.0
Fighting       | |  3.7
Polearms       | |  2.5
Armour         | |  2.7
Dodging        | |  1.3

Action                   || total
-------------------------++-------
Melee: Spear             ||   100
       Kick              ||    36
       Peck              ||    25
  Eat: Pizza             ||     1
Armor: Leather armour    ||    10
Dodge: Dodged            ||    29
